 Dungeon Crawl Stone Soup version 0.23.2-40-g277498a (webtiles) character file.

Game seed: 10043842223609853881

25951 EazyBreezy the Basher (level 12, -2/145 HPs)
             Began as a Demonspawn Gladiator on Sept 18, 2019.
             Was an Initiate of Gozag.
             Slain by a merfolk
             ... wielding a cursed -2 trident
              (9 damage)
             ... on level 1 of the Shoals.
             The game lasted 00:38:17 (14538 turns).

EazyBreezy the Basher (Demonspawn Gladiator)       Turns: 14538, Time: 00:38:20

Health: -2/145     AC: 26    Str: 14    XL:     12   Next: 94%
Magic:  0/12       EV:  2    Int:  9    God:    Gozag
Gold:   3733       SH:  2    Dex: 23    Spells: 11/11 levels left

rFire    . . .     SeeInvis .   k - +1 great mace (crush)
rCold    . . .     Gourm    .   (shield currently unavailable)
rNeg     + + +     Faith    .   (armour currently unavailable)
rPois    +         Spirit   +   (helmet currently unavailable)
rElec    .         Reflect  +   (cloak currently unavailable)
rCorr    +         Harm     .   (gloves currently unavailable)
MR       .....     NoTele   +   (boots currently unavailable)
Stlth    +.........             C - +2 amulet of reflection
HPRegen  0.34/turn              z - ring of resist corrosion
MPRegen  0.26/turn              x - ring of positive energy

@: tree-form, gold aura, slowed, glowing, studying Summonings, very slow
A: agile 1, powered by death 2, magic shield, magic regeneration
a: Potion Petition, Call Merchant, Bribe Branch, Renounce Religion


You were on level 1 of the Shoals.
You worshipped Gozag.
Gozag was most pleased with you.
You were not hungry.
You were a tree.
You visited 3 branches of the dungeon, and saw 15 of its levels.
You also visited: Ossuary.

You collected 3935 gold pieces.
You spent 175 gold pieces at shops.
You paid 27 gold pieces to Gozag.

Inventory:

Hand Weapons
 b - a +3 flail of protection
 k - a +1 great mace of crushing (weapon)
Missiles
 d - 4 throwing nets (quivered)
 y - 116 arrows
Armour
 j - a +3 crystal plate armour (melded)
Jewellery
 a - an uncursed ring of ice
 x - a ring of positive energy (right branch)
 z - a ring of resist corrosion (left branch)
 C - a +2 amulet of reflection (around neck)
Wands
 g - a wand of iceblast (5)
 w - a wand of polymorph (23)
 D - a wand of enslavement (9)
Scrolls
 e - 3 scrolls of fog
 f - 4 scrolls of remove curse
 l - 3 scrolls of magic mapping
 q - 2 scrolls of immolation
 B - a scroll of fear
 F - a scroll of summoning
 G - a scroll of amnesia
Potions
 c - 3 potions of magic
 h - 2 potions of brilliance
 i - 5 potions of curing
 o - a potion of flight
 r - 5 potions of ambrosia
 u - 2 potions of lignification
 v - 5 potions of haste
 A - a potion of invisibility
 E - a potion of resistance
 H - a potion of cancellation
Books
 n - a manual of Summonings
Comestibles
 t - 8 rations


   Skills:
 * Level 10.0 Fighting
 * Level 13.6 Maces & Flails
 - Level 1.7 Throwing
 * Level 9.6 Armour
 * Level 7.7 Dodging


You had 11 spell levels left.
You didn't know any spells.
Your spell library contained the following spells:

 Spells                   Type           Power        Failure   Level  Hunger
 Animate Skeleton         Necr           N/A          38%         1    ##.....
 Apportation              Tloc           #.....       38%         1    ##.....
 Confusing Touch          Hex            #.....       38%         1    ##.....
 Flame Tongue             Conj/Fire      #....        38%         1    ##.....
 Summon Small Mammal      Summ           #...         38%         1    ##.....
 Throw Flame              Conj/Fire      #.....       52%         2    ###....
 Conjure Flame            Conj/Fire      #.......     77%         3    ####...
 Inner Flame              Hex/Fire       #.......     77%         3    ####...
 Sticky Flame             Conj/Fire      #.......     99%         4    #####..
 Fireball                 Conj/Fire      #.........   100%        5    ######.


Dungeon Overview and Level Annotations

Branches:
Dungeon (11/15)            Temple (0/1) D:5            Lair (3/6) D:11
 Shoals (1/4) Lair:3          Orc (0/2) D:11
  Snake: Lair:2-4    Spider: Lair:2-4

Altars:
Dithmenos
Fedhas
Gozag
Qazlal
Trog
Yredelemnul

Shops:
D:5 [   D:8 %   D:11 [

Annotations:
Lair:3 1 transporter


Innate Abilities, Weirdness & Mutations

((You have sharp fingernails.))
You regenerate health from kills.
When hurt, damage is shared between your health and your magic reserves.
You regenerate magic rapidly.
((When seriously injured, your bleeding wounds create thick armour. (AC +0)))
((You have sharp toenails.))
You are agile. (Dex +2)
((Your flesh is cold resistant. (rC+)))


Message History

The faun is severely wounded.
The manticore bites you.
* * * LOW HITPOINT WARNING * * *
The manticore claws you but does no damage. x2
The snapping turtle completely misses you.
The faun hits you with a +0 club.
* * * LOW HITPOINT WARNING * * *
The merfolk hits you but does no damage.
The faun hits you but does no damage.
The manticore bites you but does no damage.
The manticore claws you but does no damage. x2
The snapping turtle bites you from afar!
* * * LOW HITPOINT WARNING * * *
You bludgeon the faun!!
You kill the faun!
The faun hits you with a +0 spear.
* * * LOW HITPOINT WARNING * * *
The merfolk hits you from afar with a cursed -2 trident!
You die...
Your body crumbles into a pile of gold.

.........≈≈≈≈≈≈.
≈≈≈.........≈≈≈≈≈≈...
≈≈≈..........≈≈≈≈≈...
≈≈..........≈≈≈≈....
≈..........≈≈≈.....
#...≈≈≈≈≈≈≈≈......
+..≈..≈≈≈≈≈≈......
.#+#.≈c$$≈≈≈≈...^....
...H.t$♣(((≈.<..≈....
.....m.H..≈≈)...≈....
.....≈≈...≈≈(...≈....
.....≈≈≈≈≈≈≈...≈≈....
$
......≈≈≈≈....≈≈≈....
../....≈≈..>..≈≈.....
.......≈≈≈(...≈≈.....
......#≈≈≈≈≈≈≈≈.#####


You could see a snapping turtle, a merfolk, a faun and 2 manticores.

Vanquished Creatures
  Harold (D:8)
  Fannar (Lair:1)
  A hydra (D:11)
  2 centaur warriors (D:10)
  A two-headed ogre (D:10)
  An unseen horror (D:11)
  2 wizards
  A lindwurm (Lair:2)
  A wolf spider (D:11)
  An oklob plant (Lair:3)
  A faun (Shoals:1)
  A manticore (Lair:3)
  A merfolk siren (Shoals:1)
  2 black mambas (Lair:3)
  A centaur zombie (D:10)
  A rime drake (Lair:3)
  6 spiny frogs
  A yaktaur (shapeshifter) (D:10)
  A komodo dragon (Lair:1)
  4 trolls
  A slime creature (D:11)
  4 hippogriffs
  A redback (shapeshifter) (D:11)
  2 wyverns
  20 yaks
  A hog (shapeshifter) (D:11)
  A basilisk (Lair:2)
  4 hogs (D:11)
  A human (D:11)
  A basilisk (shapeshifter) (D:10)
  3 hungry ghosts
  A steam dragon (D:7)
  3 wargs
  A vampire mosquito (D:11)
  3 water moccasins
  4 ice beasts
  3 porcupines
  3 orc warriors
  2 sky beasts
  3 necrophages
  4 eyes of draining
  5 wolves
  5 centaurs
  4 phantoms
  6 ogres
  7 crocodiles
  10 bullfrogs
  A gnoll sergeant (D:10)
  A wyvern skeleton (D:11)
  5 scorpions
  5 killer bees (D:8)
  A wight (D:10)
  2 howler monkeys
  5 crimson imps
  2 bullfrog zombies
  5 jellies
  9 orc wizards
  A quasit (D:10)
  Crazy Yiuf (D:2)
  2 orc priests (D:11)
  3 bullfrog skeletons
  5 hounds
  6 centaur skeletons
  3 iguanas
  6 worker ants
  A hound skeleton (D:10)
  A hound zombie (D:7)
  8 mummies (Ossuary)
  3 worker ant zombies
  7 gnolls (D:3)
  14 adders
  A shadow imp (D:10)
  An ooze (D:2)
  An adder skeleton (D:9)
  A worm (D:2)
  2 dart slugs (D:1)
  3 leopard geckos
  29 orcs
  7 giant cockroaches
  A gnoll zombie (Ossuary)
  6 goblins
  6 hobgoblins
  10 jackals
  5 kobolds
  3 quokkas
  6 bats
  5 frilled lizards
  2 hobgoblin zombies (Ossuary)
  A jackal zombie (D:6)
  2 kobold zombies (Ossuary)
  A leopard gecko skeleton (D:7)
  3 orc zombies (Ossuary)
  9 rats
  A fungus (Lair:3)
  A plant (Lair:3)
338 creatures vanquished.

Vanquished Creatures (collateral kills)
  Edmund (D:5)
  A howler monkey skeleton (D:5)
2 creatures vanquished.

Vanquished Creatures (others)
  An orc wizard (D:9)
1 creature vanquished.

Grand Total: 341 creatures vanquished

Notes
Turn   | Place    | Note
-------+----------+-------------------------------------------
     0 | D:1      | EazyBreezy the Demonspawn Gladiator began the quest for the
                  | Orb.
     0 | D:1      | Reached XP level 1. HP: 16/16 MP: 1/1
    62 | D:1      | Gained mutation: When seriously injured, your bleeding
                  | wounds create armour. (AC +0) [demonic ancestry]
    62 | D:1      | Reached XP level 2. HP: 15/22 MP: 2/2
    71 | D:1      | Reached skill level 3 in Maces & Flails
   799 | D:2      | Found an opulent altar of Gozag.
   835 | D:2      | Became a worshipper of Gozag Ym Sagoz the Greedy
  1002 | D:2      | Gained mutation: You have sharp fingernails. [demonic
                  | ancestry]
  1002 | D:2      | Reached XP level 3. HP: 11/27 MP: 3/3
  1276 | D:2      | Found a runed translucent door.
  1277 | D:2      | Noticed Crazy Yiuf
  1492 | D:2      | Reached skill level 1 in Armour
  1496 | D:2      | Gained mutation: When hurt, damage is shared between your
                  | health and your magic reserves. [demonic ancestry]
  1496 | D:2      | Reached XP level 4. HP: 23/34 MP: 4/4
  2030 | D:2      | Killed Crazy Yiuf
  2030 | D:2      | Reached skill level 4 in Maces & Flails
  2030 | D:2      | Reached XP level 5. HP: 34/39 MP: 5/5
  2999 | D:3      | Gained mutation: You have a pair of small horns on your
                  | head. [potion of mutation]
  2999 | D:3      | Gained mutation: You are somewhat resistant to further
                  | mutation. [potion of mutation]
  3107 | D:4      | Noticed an ogre
  3115 | D:4      | Killed an ogre
  3115 | D:4      | Gained mutation: You regenerate magic rapidly. [demonic
                  | ancestry]
  3115 | D:4      | Reached XP level 6. HP: 10/46 MP: 0/6
  3507 | D:4      | Reached skill level 5 in Maces & Flails
  3993 | D:4      | Gained mutation: You regenerate a little health from kills.
                  | [demonic ancestry]
  3993 | D:4      | Reached XP level 7. HP: 37/52 MP: 4/7
  4108 | D:5      | Entered Level 5 of the Dungeon
  4113 | D:5      | Found Viqastro's Antique Armour Emporium.
  4124 | D:5      | Reached skill level 6 in Maces & Flails
  4138 | D:5      | Bought a shimmering leather armour for 175 gold pieces
  4149 | D:5      | Identified the +1 leather armour of the Ego {Int+4} (You
                  | bought it in a shop on level 5 of the Dungeon)
  4199 | D:5      | Noticed Edmund
  4251 | D:5      | Killed Edmund
  4441 | D:5      | Reached XP level 8. HP: 51/60 MP: 6/8
  4569 | D:5      | Found a staircase to the Ecumenical Temple.
  4582 | D:5      | Reached skill level 7 in Maces & Flails
  5320 | D:6      | Reached skill level 8 in Maces & Flails
  5332 | D:6      | Reached skill level 5 in Fighting
  5745 | D:7      | Found a sand-covered staircase.
  5751 | Ossuary  | Entered an ossuary
  5985 | Ossuary  | Lost mutation: You are somewhat resistant to further
                  | mutation. [potion of mutation]
  5985 | Ossuary  | Lost mutation: You have a pair of small horns on your head.
                  | [potion of mutation]
  5985 | Ossuary  | Gained mutation: You evolve. [potion of mutation]
  5985 | Ossuary  | Gained mutation: Your flesh is cold resistant. (rC+)
                  | [potion of mutation]
  5985 | Ossuary  | Gained mutation: You have sharp toenails. [potion of
                  | mutation]
  6049 | D:7      | Found a blossoming altar of Fedhas.
  6051 | D:7      | Found a basalt altar of Yredelemnul.
  6051 | D:7      | Found a bloodstained altar of Trog.
  6052 | D:7      | Found a shadowy altar of Dithmenos.
  6056 | D:7      | Gained mutation: When seriously injured, your bleeding
                  | wounds create thick armour. (AC +0) [demonic ancestry]
  6056 | D:7      | Reached XP level 9. HP: 68/68 MP: 9/9
  6138 | D:7      | Reached skill level 5 in Dodging
  6443 | D:7      | Reached skill level 9 in Maces & Flails
  6750 | D:8      | Found Getiud's Food Shoppe.
  7003 | D:8      | Noticed Harold
  7028 | D:8      | Killed Harold
  7028 | D:8      | Reached skill level 5 in Armour
  7232 | D:8      | Reached XP level 10. HP: 62/75 MP: 7/10
  7399 | D:9      | Reached skill level 10 in Maces & Flails
  7768 | D:9      | Gained mutation: You are agile. (Dex +2) [evolution]
  8101 | D:10     | Entered Level 10 of the Dungeon
  8117 | D:10     | Noticed a two-headed ogre
  8132 | D:10     | Killed a two-headed ogre
  8404 | D:10     | Noticed a wizard
  8404 | D:10     | Noticed a manticore
  8419 | D:10     | Killed a wizard
  8419 | D:10     | Reached skill level 11 in Maces & Flails
  8640 | D:10     | Found a stormy altar of Qazlal.
  8640 | D:10     | Noticed a centaur warrior
  8661 | D:10     | Killed a centaur warrior
  8661 | D:10     | Gained mutation: You regenerate health from kills. [demonic
                  | ancestry]
  8661 | D:10     | Reached XP level 11. HP: 54/83 MP: 11/11
  9130 | D:10     | Noticed a centaur warrior
  9424 | D:10     | Killed a centaur warrior
  9476 | D:10     | Noticed an orb spider
  9479 | D:10     | an orb spider changed into a basilisk
  9788 | D:10     | Lost mutation: You evolve. [evolution]
 10291 | D:11     | Noticed a wolf spider
 10291 | D:11     | Noticed a wizard
 10312 | D:11     | Reached skill level 12 in Maces & Flails
 10341 | D:11     | Noticed a seven-headed hydra
 10568 | D:11     | Killed a seven-headed hydra
 10699 | D:11     | Found a staircase to the Lair.
 10772 | D:11     | Killed a wolf spider
 11034 | D:11     | Noticed a fire crab
 11293 | D:11     | Found a staircase to the Orcish Mines.
 11312 | D:11     | Found Johig's Armour Boutique.
 11503 | D:11     | Killed an unseen horror
 11503 | D:11     | Reached XP level 12. HP: 95/95 MP: 12/12
 11537 | D:11     | Identified a scroll of acquirement
 11631 | Lair:1   | Entered Level 1 of the Lair of Beasts
 12282 | Lair:1   | Noticed Fannar
 12318 | Lair:1   | Killed Fannar
 12573 | Lair:2   | Reached skill level 13 in Maces & Flails
 13020 | Lair:2   | Found a dark tunnel.
 13521 | Lair:3   | Found a staircase to the Shoals.
 13619 | Lair:3   | Found a transporter.
 13904 | Lair:3   | Found a transporter.
 13938 | Lair:3   | Reached skill level 10 in Fighting
 14517 | Shoals:1 | Entered Level 1 of the Shoals
 14537 | Shoals:1 | HP: 7/145 [snapping turtle (9)]
 14538 | Shoals:1 | Slain by a merfolk

Skill      XL: |  1  2  3  4  5  6  7  8  9 10 11 12 |
---------------+-------------------------------------+-----
Maces & Flails | 3 4 5 6 8 9 11 12 13 | 13.6
Dodging        | 3 4 5 6 7 |  7.7
Armour         | 1 2 3 5 6 8 9 |  9.6
Fighting       | 3 4 5 6 7 9 10 | 10.0
Throwing       | |  1.7

Action                   |  1- 3 |  4- 6 |  7- 9 | 10-12 || total
-------------------------+-------+-------+-------+-------++-------
Melee: Flail             |   104 |   146 |   465 |   635 ||  1350
       Headbutt          |       |    11 |    46 |       ||    57
       Kick              |       |       |    68 |   393 ||   461
       Great mace        |       |       |       |   275 ||   275
  Use: Scroll            |       |    16 |     9 |    16 ||    41
       Potion            |       |     1 |     1 |    13 ||    15
 Stab: Sleeping          |       |     3 |     1 |       ||     4
       Distracted        |       |       |     1 |     8 ||     9
  Eat: Ration            |     1 |     2 |     4 |    10 ||    17
Armor: Leather armour    |    30 |    29 |    35 |       ||    94
       Crystal plate arm |       |       |   365 |   996 ||  1361
       Skin              |       |       |       |    12 ||    12
Dodge: Dodged            |    72 |    92 |    94 |   191 ||   449
Block: Other             |       |       |       |    12 ||    12
